 Dungeon Crawl Stone Soup version 0.15.1-2-g8fbdab7 (webtiles) character file.

74 CrazyArbalest the Sneak (level 4, -2/21 HPs)
             Began as a Spriggan Enchanter on Sept 30, 2014.
             Slain by an orc wizard
             ... wielding a cursed -3 dagger
              (7 damage)
             ... on Level 3 of the Dungeon.
             The game lasted 00:11:06 (1934 turns).

CrazyArbalest the Sneak (Spriggan Enchanter)        Turns: 1934, Time: 00:11:06

HP  -2/21        AC  4     Str  4      XL: 4   Next: 10%
MP   9/13        EV 18     Int 17      God:
Gold 71          SH  0     Dex 16      Spells:  3 memorised,  3 levels left

rFire  . . .     SeeInvis +     a - +1 dagger
rCold  . . .     Clarity  .     b - +1 robe
rNeg   . . .     rCorr    .     (shield restricted)
rPois  .         rRot     .     (helmet restricted)
rElec  .         Spirit   .     i - +0 cloak
SustAb .         Warding  .     (gloves unavailable)
rMut   .         Stasis   .     (boots unavailable)
Gourm  .                        (no amulet)
MR     .....                    (no ring)
                                (no ring)

@: confused, very quick, not resistant to hostile enchantments, very unstealthy
A: unfitting armour, see invisible, herbivore 3, speed 3, sense surroundings 1,
slow metabolism 2
a: no special abilities


You were on level 3 of the Dungeon.
You were not hungry.

You visited 1 branch of the dungeon, and saw 3 of its levels.

You collected 71 gold pieces.

Inventory:

Hand weapons
 a - a +1 dagger (weapon)
Armour
 b - a +1 robe (worn)
 i - a +0 cloak (worn)
Comestibles
 g - 2 fruits
 o - a bread ration
Scrolls
 f - 2 scrolls of recharging {unknown}
 k - a scroll of teleportation {unknown}
 m - a scroll of identify {unknown}
 n - a scroll of enchant armour {unknown}
 q - a scroll of amnesia {unknown}
 s - a scroll of blinking {unknown}
Jewellery
 r - an uncursed ring of stealth {unknown}
Potions
 d - a potion of porridge
 e - a potion of brilliance {unknown}
 h - a potion of cancellation {unknown}
 l - a potion of beneficial mutation
 p - a potion of lignification {unknown}
Books
 c - a book of Maledictions

   Spells                             Type                      Level
   *Corona                            Hexes                        1
   *Sure Blade                        Hexes/Charms                 2
   Ensorcelled Hibernation            Hexes/Ice                    2
   *Confuse                           Hexes                        3
   Dazzling Spray                     Conjuration/Hexes            3
   Enslavement                        Hexes                        4
Miscellaneous
 j - a plain deck of escape


   Skills:
 + Level 0.7 Fighting
 + Level 1.3 Short Blades
 + Level 3.4 Dodging
 + Level 5.4 Stealth
 + Level 3.1 Spellcasting
 + Level 4.4 Hexes
 + Level 1.1 Charms


You had 3 spell levels left.
You knew the following spells:

 Your Spells              Type           Power        Failure   Level  Hunger
a - Corona                Hex            ###....      2%          1    None
b - Sure Blade            Hex/Chrm       ##........   10%         2    ##.....
c - Confuse               Hex            ###.....     10%         3    ###....


Dungeon Overview and Level Annotations

Branches:
Dungeon (3/15)

Altars:
Nemelex Xobeh
Sif Muna
Vehumet
Zin


Innate Abilities, Weirdness & Mutations

You are tiny and cannot use many weapons and most armour.
You have supernaturally acute eyesight.
You are a herbivore.
You cover ground extremely quickly.
You need consume almost no food.
You passively map a small area around you.


Message History

The orc wizard is heavily wounded.
The orc wizard hits you but does no damage.
You hit the orc wizard.
The orc wizard is heavily wounded.
The orc wizard closely misses you.
You hit the orc wizard.
The orc wizard is severely wounded.
The orc wizard barely misses you.
You hit the orc wizard.
The orc wizard is almost dead.
The bond with your blade fades away.
The orc wizard points at you and mumbles some strange words.
You are confused.
Ouch! The orc wizard stops glowing.
The orc wizard hits you but does no damage.
Drink which item? (? for menu, Esc to quit)
You feel a strange attunement to the structure of the dungeons.
You feel fantastic!
It was a potion of beneficial mutation.
The orc wizard hits you with a glowing dagger!
You die...

....######..#..#.# #.####
............#..#.# #.#
#....####...#..#.###########.#
##+#.#.#.......#.#........##.#
# #%#....#....#)'..%.....'..#
# #.#.#....<..#.#........####
#
#.........#.#%#........#######
###.........#.#............##.
*.....##.##@#............##. *
.....##..#o#######......##' ,
, ...........# #......#..
...........# #......#..
......o....# #......#..
b.........# #......#..
..........# #......#..
...o.....># #......#..
.........## #......###


You could see an orc wizard.

Vanquished Creatures
  Ijyb (D:2)
  An adder (D:3)
  3 oozes (D:1)
  An orc (D:3)
  A ball python (D:1)
  6 bats
  A hobgoblin (D:1)
  4 kobolds
  A quokka (D:3)
  3 giant geckos (D:3)
  2 giant newts
  9 goblins
  4 jackals (D:1)
  7 rats
44 creatures vanquished.

Notes
Turn   | Place    | Note
--------------------------------------------------------------
     0 | D:1      | CrazyArbalest, the Spriggan Enchanter, began the quest for the Orb.
     0 | D:1      | Reached XP level 1. HP: 9/9 MP: 4/4
     6 | D:1      | Noticed a polar bear
     6 | D:1      | Noticed a killer bee
     6 | D:1      | Noticed a water moccasin
     6 | D:1      | Noticed a fire drake
     6 | D:1      | Noticed a lindwurm
   252 | D:1      | Reached XP level 2. HP: 11/13 MP: 7/7
   298 | D:1      | Learned a level 2 spell: Sure Blade
   464 | D:1      | Found a sparkling altar of Nemelex Xobeh.
   673 | D:2      | Noticed Ijyb
   728 | D:2      | Killed Ijyb
   728 | D:2      | Reached XP level 3. HP: 3/17 MP: 2/11
   859 | D:2      | Found a radiant altar of Vehumet.
   992 | D:2      | Reached skill level 5 in Stealth
  1198 | D:2      | Found a glowing silver altar of Zin.
  1705 | D:3      | Reached XP level 4. HP: 18/21 MP: 10/13
  1710 | D:3      | Learned a level 3 spell: Confuse
  1752 | D:3      | Found a deep blue altar of Sif Muna.
  1870 | D:3      | Reached skill level 1 in Charms
  1934 | D:3      | Gained mutation: You passively map a small area around you. [potion of beneficial mutation]
  1934 | D:3      | Slain by an orc wizard

Action                   |  1- 3 |  4- 6 || total
-------------------------+-------+-------++-------
Melee: Dagger            |   145 |    20 ||   165
 Cast: Corona            |    15 |     3 ||    18
       Sure Blade        |    17 |     3 ||    20
  Use: Potion            |       |     1 ||     1
 Stab: Sleeping          |    13 |     1 ||    14
